 Dungeon Crawl Stone Soup version 0.30-a0-585-g93115170b9 (webtiles) character file.

Game seed: 8722171609019342591

34 spardeous the Digger (level 3, -7/14 HPs)
             Began as a Felid Earth Elementalist on Jan 2, 2023.
             Killed by nerve-wracking pain
             ... invoked by Jessica
              (11 damage)
             ... on level 2 of the Dungeon.
             The game lasted 00:03:35 (1860 turns).

spardeous the Digger (Felid Earth Elementalist)     Turns: 1860, Time: 00:03:35

Health: -7/14      AC:  1    Str:  4    XL:     3   Next: 14%
Magic:  7/7        EV: 17    Int: 18    God:
Gold:   116        SH:  0    Dex: 16    Spells: 6/7 levels left
                                        Lives:  0   Deaths: 0

rFire   . . .      SeeInvis +    (weapon unavailable)
rCold   . . .      Faith    .    (shield unavailable)
rNeg    . . .      Spirit   .    (body armour unavailable)
rPois   .          Reflect  .    (helmet unavailable)
rElec   .          Harm     .    (cloak unavailable)
rCorr   .          Rampage  .    (gloves unavailable)
Will    .....                    (boots unavailable)
Stlth   ++                       (no amulet)
HPRegen 0.22/turn                (no ring)
MPRegen 0.10/turn                (no ring)

@: slowed, slow
A: very small, claws 1, fangs 3, see invisible, speed 1, shaggy fur 1, stealthy
paws, no weapons or thrown items, no armour, multi-lived
a: no special abilities


You were on level 2 of the Dungeon.
You visited 1 branch of the dungeon, and saw 2 of its levels.

You collected 116 gold pieces.

Inventory:

Jewellery
 k - a ring of positive energy
 m - a ring of resist corrosion
 o - a ring of wizardry
Wands
 l - a wand of iceblast (5)
Scrolls
 b - 2 scrolls of identify
 d - 2 scrolls of blinking
 e - a scroll of butterflies {unknown}
 f - a scroll of fear {unknown}
 i - a scroll of noise {unknown}
 j - a scroll of poison {unknown}
 n - a scroll of magic mapping {unknown}
Potions
 a - a potion of magic
 c - 2 potions of brilliance {unknown}
 g - a potion of flight {unknown}
 h - 2 potions of heal wounds {unknown}


   Skills:
 - Level 2.6 Dodging
 - Level 2.6 Stealth
 + Level 2.5 Spellcasting
 - Level 1.1 Transmutations
 * Level 3.5 Earth Magic


You had 6 spell levels left.
You knew the following spells:

 Your Spells              Type           Power      Damage    Failure   Level
a - Sandblast             Erth           30%        2d9       4%          1

Your spell library contained the following spells:

 Spells                   Type           Power      Damage    Failure   Level
 Passwall                 Tmut/Erth      8%         N/A       10%         2
 Cigotuvi's Dreadful Rot  Necr/Pois/Air  4%         N/A       26%         2
 Poisonous Vapours        Pois/Air       4%         N/A       26%         2
 Stone Arrow              Conj/Erth      16%        3d8       26%         3
 Kindle Blastsparks       Fire/Tloc/Air  4%         2d10      45%         3
 Mephitic Cloud           Conj/Pois/Air  2%         N/A       45%         3
 Petrify                  Tmut/Erth      10%        N/A       54%         4
 Lee's Rapid Deconstruct  Erth           7%         3d7*      73%         5
 Fulminant Prism          Conj/Hex       1%         3d5       86%         4
 Iskenderun's Mystic Bla  Conj/Tloc      2%         2d3       86%         4
 Blade Hands              Tmut           3%         N/A       97%         5
 Irradiate                Conj/Tmut      2%         3d12      98%         5
 Dragon Form              Tmut           3%         N/A       100%        7


Dungeon Overview and Level Annotations

Branches:
Dungeon (2/15)

Altars:

Shops:
D:1 [((**

Annotations:
D:1 2 transporters
D:2 Jessica


Innate Abilities, Weirdness & Mutations

You have sharp claws.
You have razor-sharp teeth.
You have supernaturally acute eyesight. (SInv)
You cover ground quickly. (Speed+)
You are covered in fur. (AC +1)
Your paws help you pounce on unaware monsters.
You are incapable of wielding weapons or throwing items.
You cannot wear armour.
You gain extra lives every three experience levels.


Message History

A ball python is nearby!
Casting: Sandblast (safe; 4% risk of failure)
Confirm with . or Enter, or press ? or * to list all spells.
Aiming: Sandblast (safe; 4% risk of failure)
Press: ? - help, Shift-Dir - straight line, f - ball python
Aim: a ball python (asleep, 100% to hit)
The blast of sand hits the ball python.
You kill the ball python!
Casting: Sandblast (safe; 4% risk of failure)
Confirm with . or Enter, or press ? or * to list all spells.
You can't see any susceptible monsters within range! (Use Z to cast anyway.) Unknown command.
Jessica the Apprentice Sorceress comes into view.
She is wielding a +0 club.
Jessica is nearby!
Jessica is nearby!
Jessica is nearby!
Casting: Sandblast (safe; 4% risk of failure)
Confirm with . or Enter, or press ? or * to list all spells.
Aiming: Sandblast (safe; 4% risk of failure)
Press: ? - help, Shift-Dir - straight line, f - Jessica
Aim: Jessica, wielding a +0 club and wearing a +0 robe (82% to hit)
The blast of sand hits Jessica.
Jessica is heavily wounded.
Jessica misses you.
Jessica points at you and mumbles some strange words.
You feel yourself slow down. Jessica gestures at you while chanting.
Pain shoots through your body!
Ouch! That really hurt!
* * * LOW HITPOINT WARNING * * *
Jessica casts a spell.
Jessica seems to speed up.
Okay, then.
As you read the scroll labelled LUOCRU VYLID, it crumbles to dust.
It is a scroll of identify.
d - 2 scrolls of blinking Jessica casts a spell at you.
Pain shoots through your body!
Ouch! That really hurt!
You die...

....'. +......)# ..###
####...## ..#
####..##### ###
#.........#
#.###.###.# #' #.# #.#
#. #.###.# #. #.....#
#####.# #@.####
....... #@.# ##.....
#..######.#
.....$.#####.........#
.........@....########
.......########
.....## .... ###


You could see Jessica (fast).

Vanquished Creatures
  A gnoll (D:1)
  An endoplasm (D:1)
  A giant cockroach (D:2)
  A goblin (D:1)
  4 hobgoblins
  A quokka (D:1)
  5 ball pythons
  A bat (D:1)
  4 frilled lizards
  4 kobolds
  A rat (D:1)
24 creatures vanquished.

Notes
Turn   | Place    | Note
-------+----------+-------------------------------------------
     0 | D:1      | spardeous the Felid Earth Elementalist began the quest for
                  | the Orb.
     0 | D:1      | Reached XP level 1. HP: 7/7 MP: 4/4
    39 | D:1      | Found Aneughont's General Store.
   218 | D:1      | Reached skill level 3 in Earth Magic
   559 | D:1      | Found Cobra's General Store.
   685 | D:1      | Found Ymeq's Armour Shop.
   698 | D:1      | Reached XP level 2. HP: 8/11 MP: 1/6
   817 | D:1      | Found Uppa's Weapon Shoppe.
   976 | D:1      | Found Ezuer's Weapon Shop.
  1416 | D:2      | Reached XP level 3. HP: 14/14 MP: 5/7
  1850 | D:2      | Noticed Jessica
  1860 | D:2      | Killed from afar by Jessica

Illustrated notes

Levels and vault maps discovered:
D:1:      spicycebolla_arrival_transporter_tutorial, layout_loops_ring,
          serial_shops, nicolae_shop_competitors_out_of_business,
          nicolae_shop_bloodbath_and_beyond, shop_fountains, shop,
          nicolae_shop_hallway_stairs, supply_closet_lemuel
D:2:      layout_loops_corners, uniq_jessica

Skill      XL: |  1 |
---------------+----+-----
Earth Magic    | 3 |  3.5
Dodging        | |  2.6
Stealth        | |  2.6
Spellcasting   | |  2.5
Transmutations | |  1.1

Action                   || total
-------------------------++-------
Melee: Unarmed           ||     8
       Bite              ||     1
 Cast: Sandblast         ||    55
  Use: Scroll            ||     1
Armor: Skin              ||     1
Dodge: Dodged            ||    22

Table legend: (Time is in decaauts)
 A = Elapsed time spent in this place.
 B = Non-inter-level travel time spent in this place.
 C = Inter-level travel time spent in this place.
 D = Time resting spent in this place.
 E = Time spent auto-exploring this place.
 F = Levels seen in this place.
 G = Mean time per level.
                   A        B        C        D        E       F      G
               +--------+--------+--------+--------+--------+-----+--------+
         Total |   1598 |   1594 |      4 |      5 |   1146 |   2 |  799.0 |
       Dungeon |   1598 |   1594 |      4 |      5 |   1146 |   2 |  799.0 |
               +--------+--------+--------+--------+--------+-----+--------+

Top non-repeatable levels by time:
     D:1: 1000 daAuts
     D:2: 598 daAuts
